 Dungeon Crawl Stone Soup version 0.25.1-2-g60ff931df9 (webtiles) character file.

Game seed: 4216665842934957216

205 Qrupt the Ogre Mage (level 5, -9/53 HPs)
             Began as an Ogre Fire Elementalist on Oct 23, 2020.
             Was an Initiate of Sif Muna.
             Mangled by a gnoll
             ... wielding a +0 halberd
              (14 damage)
             ... on level 4 of the Dungeon.
             The game lasted 00:07:02 (3898 turns).

Qrupt the Ogre Mage (Ogre Fire Elementalist)        Turns: 3898, Time: 00:07:05

Health: -9/53      AC:  4    Str: 13    XL:     5   Next: 83%
Magic:  8/10       EV: 10    Int: 16    God:    Sif Muna [......]
Gold:   153        SH:  0    Dex:  9    Spells: 10/11 levels left

rFire    . . .     SeeInvis .   e - +0 whip
rCold    . . .     Gourm    .   (no shield)
rNeg     . . .     Faith    .   a - +0 robe
rPois    +         Spirit   .   (helmet restricted)
rElec    .         Reflect  .   n - +0 cloak
rCorr    .         Harm     .   (gloves unavailable)
MR       .....                  (boots unavailable)
Stlth    ..........             (no amulet)
HPRegen  0.17/turn              k - ring of attention
MPRegen  0.12/turn              q - ring of poison resistance

@: no status effects
A: large, unfitting armour, tough skin 1
a: Renounce Religion


You were on level 4 of the Dungeon.
You worshipped Sif Muna.
Sif Muna was noncommittal.
You were not hungry.

You visited 1 branch of the dungeon, and saw 4 of its levels.

You collected 153 gold pieces.

Inventory:

Hand Weapons
 e - a +0 whip (weapon)
Armour
 a - a +0 robe (worn)
 n - a +0 cloak (worn)
Jewellery
 k - a ring of attention (left hand)
 q - a ring of poison resistance (right hand)
Wands
 o - a wand of random effects (17)
Scrolls
 f - a scroll of teleportation
 g - a scroll of fog {unknown}
 j - a scroll of magic mapping {unknown}
 l - a scroll of enchant weapon
 s - 2 scrolls of identify {unknown}
Potions
 b - 2 potions of might {unknown}
 d - a potion of invisibility {unknown}
 i - a potion of magic {unknown}
 m - a potion of heal wounds {unknown}
 p - a potion of curing {unknown}
 r - a potion of stabbing {unknown}
Comestibles
 c - 8 rations
 h - a chunk of flesh


   Skills:
 + Level 3.3 Fighting
 - Level 1.7 Dodging
 - Level 1.4 Stealth
 + Level 3.8 Spellcasting
 + Level 2.5 Conjurations
 + Level 3.6 Fire Magic


You had 10 spell levels left.
You knew the following spells:

 Your Spells              Type           Power        Failure   Level  Hunger
a - Foxfire               Conj/Fire      ##..         4%          1    None

Your spell library contained the following spells:

 Spells                   Type           Power        Failure   Level  Hunger
 Conjure Flame            Conj/Fire      ##......     14%         3    ###....
 Inner Flame              Hex/Fire       #.......     24%         3    ###....
 Sticky Flame             Conj/Fire      ##......     43%         4    ####...
 Fireball                 Conj/Fire      ##........   80%         5    ######.


Dungeon Overview and Level Annotations

Branches:
Dungeon (4/15)
 Temple: D:4-7

Altars:
Cheibriados
Sif Muna


Innate Abilities, Weirdness & Mutations

You are too large for most types of armour.
You have tough skin. (AC +1)


Message History

The foxfire hits the gnoll.
The gnoll is severely wounded.
The foxfire hits the gnoll.
The gnoll is almost dead.
The gnoll hits you from afar with a +0 spear.
The gnoll barely misses you.
The gnoll hits you from afar with a +0 spear.
Casting: Foxfire (safe; 4% risk of failure)
Confirm with . or Enter, or press ? or * to list all spells.
You conjure some foxfire!
The gnoll hits you from afar with a +0 halberd!
* * * LOW HITPOINT WARNING * * *
The gnoll barely misses you.
The foxfire hits the gnoll.
The gnoll is almost dead.
The foxfire hits the gnoll.
You kill the gnoll!
Sif Muna accepts your kill.
The gnoll hits you from afar with a +0 halberd!
You die...

#......# .. #.. #.. #####......#
#.##.. #.) #......###.# #.v#.#
#.. #.####.# #.#
#§#.##+########..
###....#.###.#.##§..#.........#..
...........#.#................#..
.............#####............###
#####........g.§§............# #
#............).@§.>.#'######## #
#...#.############..#.# # #####.#
#..#.# # #.g.g.# #..#.# #
.#g##### #..#.# # .#.# ### #..#.#
# .#g# #.. ...#.# .#g# #.#####
##.#.# .#.# #..... #.##########


You could see a gnoll.

Vanquished Creatures
  2 orc wizards (D:3)
  5 adders
  2 gnolls
  An ooze (D:2)
  A dart slug (D:2)
  3 leopard geckos
  An orc (D:3)
  5 bats
  4 giant cockroaches
  7 goblins
  6 hobgoblins
  9 jackals
  2 quokkas
  A ball python (D:1)
  9 frilled lizards
  10 kobolds
  6 rats
74 creatures vanquished.

Vanquished Creatures (others)
  253 foxfires
253 creatures vanquished.

Grand Total: 327 creatures vanquished

Notes
Turn   | Place    | Note
-------+----------+-------------------------------------------
     0 | D:1      | Qrupt the Ogre Fire Elementalist began the quest for the
                  | Orb.
     0 | D:1      | Reached XP level 1. HP: 16/16 MP: 3/3
    22 | D:1      | Reached skill level 1 in Conjurations
   150 | D:1      | Reached skill level 1 in Fighting
   150 | D:1      | Reached XP level 2. HP: 27/27 MP: 1/5
   402 | D:1      | Reached XP level 3. HP: 33/33 MP: 5/7
  1011 | D:2      | Reached XP level 4. HP: 42/42 MP: 5/8
  2509 | D:3      | Reached XP level 5. HP: 50/50 MP: 7/10
  2639 | D:3      | Found a shimmering blue altar of Sif Muna.
  2785 | D:3      | Became a worshipper of Sif Muna the Loreminder
  2845 | D:3      | Found a snail-covered altar of Cheibriados.
  3898 | D:4      | Mangled by a gnoll

Illustrated notes

Levels and vault maps discovered:
D:1:      sevenhm_arrival_forest_fort_small_4, layout_basic
D:2:      layout_loops_ring
D:3:      layout_rooms, led_sif_book, nicolae_overflow_crystal_walls,
          minmay_joined_circles
D:4:      layout_basic, kennysheep_little_box, kennysheep_vampire_church,
          first_ration

Skill      XL: |  1  2  3  4  5 |
---------------+----------------+-----
Conjurations   | 1 2 |  2.5
Fighting       | 1 2 3 |  3.3
Fire Magic     | 3 |  3.6
Spellcasting   | 3 |  3.8
Dodging        | |  1.7
Stealth        | |  1.4

Action                   |  1- 3 |  4- 6 || total
-------------------------+-------+-------++-------
Melee: Whip              |     8 |    21 ||    29
 Cast: Foxfire           |    45 |   102 ||   147
  Use: Scroll            |       |     4 ||     4
  Eat: Chunk             |       |     9 ||     9
Armor: Robe              |     6 |    38 ||    44
Dodge: Dodged            |     9 |    76 ||    85
